[Event "ICC tourney 3119 (40 10)"]
[Site "Internet Chess Club"]
[Date "2023.02.04"]
[Round "1"]
[White "GAW, ZACHARY:zman-g"]
[Black "LIN, CARL:K01-17110834"]
[Result "1/2-1/2"]
[ICCResult "Game drawn by mutual agreement"]
[WhiteElo "859"]
[BlackElo "1246"]
[Opening "Giuoco Piano"]
[ECO "C50"]
[NIC "IG.02"]
[Time "11:00:48"]
[PlyCount "58"]
[TimeControl "2400+10"]

1. e4 e5 2. Nf3 Nc6 3. Bc4 Bc5 4. O-O Nf6 5. Nc3 O-O 6. d3 h6 7. Be3 Bb6 8.
Qd2 d6 9. h3 Be6 10. Nd5 Nd4 11. Nxd4 Bxd4 12. Bxd4 exd4 13. Rfe1 Nxd5 14.
exd5 Bd7 15. Re4 Qf6 16. Rf4 Qg6 17. Kh2 c5 18. a3 b5 19. Bb3 Rfe8 20. Re1
Rxe1 21. Qxe1 Re8 22. Re4 Rd8 23. Re7 Qf6 24. Rxd7 Qf4+ 25. Kg1 Rxd7 26.
Qe8+ Kh7 27. Qxd7 Qc1+ 28. Kh2 Qf4+ 29. Kg1 Qc1+
{Game drawn by mutual agreement}
1/2-1/2

[Event "ICC tourney 3119 (40 10)"]
[Site "Internet Chess Club"]
[Date "2023.02.04"]
[Round "1"]
[White "Yan, Rayna:K01-30157975"]
[Black "STINSON, RUSSELL:rcstinson"]
[Result "0-1"]
[ICCResult "White checkmated"]
[WhiteElo "1034"]
[BlackElo "1383"]
[Opening "Sicilian defense"]
[ECO "B41"]
[NIC "SI.41"]
[Time "11:00:50"]
[PlyCount "104"]
[TimeControl "2400+10"]

1. e4 c5 2. Nf3 e6 3. d4 cxd4 4. Nxd4 Bc5 5. Nc3 Qb6 6. Be3 Nc6 7. Nxc6 Bxe3
8. fxe3 Qxe3+ 9. Qe2 Qxe2+ 10. Bxe2 bxc6 11. O-O-O Nf6 12. e5 Nd5 13. Ne4
O-O 14. c4 Ne3 15. Rde1 Nxg2 16. Ref1 Ne3 17. Rfg1 Kh8 18. Nd6 Nf5 19. Ne4
Ba6 20. b3 Rad8 21. Nc5 Bc8 22. Bd3 d6 23. Bxf5 exf5 24. Nd3 dxe5 25. Nxe5
Bb7 26. Rd1 Rxd1+ 27. Rxd1 Kg8 28. Nd7 Re8 29. Nc5 Ba8 30. Na6 g6 31. Nc7
Rc8 32. Rd7 Kg7 33. Ne6+ Kf6 34. Nc5 Re8 35. Rxa7 f4 36. Nd3 f3 37. Kd1 c5
38. Ra5 Rd8 39. Kc2 Be4 40. Ra6+ Kg5 41. Kd2 Rxd3+ 42. Ke1 Re3+ 43. Kf2 Re2+
44. Kf1 Rxh2 45. Ra5 Bd3+ 46. Kg1 f2+ 47. Kxh2 f1=Q 48. Rxc5+ Bf5 49. Rxf5+
Kxf5 50. a4 Kg4 51. a5 Kf3 52. a6 Qg2# {White checkmated} 0-1

[Event "ICC tourney 3119 (40 10)"]
[Site "Internet Chess Club"]
[Date "2023.02.04"]
[Round "1"]
[White "Dillibabu, Jaithra:JaithraDilli"]
[Black "WESLEY, GEORGE:Maglars"]
[Result "1-0"]
[ICCResult "Black checkmated"]
[WhiteElo "1283"]
[BlackElo "954"]
[Opening "Queen's bishop game"]
[ECO "D00"]
[NIC "QP.08"]
[Time "11:00:55"]
[PlyCount "65"]
[TimeControl "2400+10"]

1. d4 d5 2. Bf4 Nf6 3. Nf3 Bf5 4. e3 e6 5. Bd3 Bxd3 6. Qxd3 c5 7. dxc5 Bxc5
8. Bxb8 Rxb8 9. Qb5+ Nd7 10. O-O a6 11. Qe2 O-O 12. Nc3 Nb6 13. a3 Nc4 14.
b4 Bd6 15. Nd2 Be5 16. Ndb1 Rc8 17. Ra2 Nd6 18. Na4 b5 19. Nc5 Rc6 20. Nd3
Bf6 21. Nd2 Qc8 22. Nb3 Ne4 23. Qe1 Rxc2 24. Rxc2 Qxc2 25. Ndc5 Nxc5 26.
Nxc5 Ra8 27. Qb1 Qc4 28. Rc1 Qe2 29. Nxa6 h6 30. Nc7 Rxa3 31. Nxd5 Ra1 32.
Rc8+ Bd8 33. Rxd8# {Black checkmated} 1-0

[Event "ICC tourney 3119 (40 10)"]
[Site "Internet Chess Club"]
[Date "2023.02.04"]
[Round "1"]
[White "Ledas, Armandas:ArmandasLedas"]
[Black "SANGAL LOPEZ, DEV:devsl"]
[Result "1-0"]
[ICCResult "Black checkmated"]
[WhiteElo "1397"]
[BlackElo "1154"]
[Opening "Queen's pawn, Mason variation"]
[ECO "D00"]
[NIC "QP.08"]
[Time "11:00:49"]
[PlyCount "129"]
[TimeControl "2400+10"]

1. d4 d5 2. Bf4 Bf5 3. Nf3 Nf6 4. e3 e6 5. Bd3 Bg6 6. O-O Bd6 7. Bg3 O-O 8.
Ne5 Bxd3 9. cxd3 Nbd7 10. Nd2 c6 11. Nxf7 Rxf7 12. Bxd6 Nf8 13. Bg3 Rc8 14.
Rc1 Qb6 15. Nb3 N8d7 16. Bd6 Ne8 17. Bc5 Nxc5 18. dxc5 Qc7 19. d4 e5 20.
dxe5 Qxe5 21. Qd4 Qc7 22. Rcd1 Nf6 23. Nd2 Re8 24. Rfe1 Rfe7 25. Nf1 Re4 26.
Qd2 Rc4 27. b4 Ne4 28. Qb2 Nc3 29. Rc1 Qe5 30. Qa3 Nb5 31. Qb3 Nc3 32. Qb2
Na4 33. Qxe5 Rxe5 34. Rxc4 dxc4 35. Nd2 c3 36. Nf3 Rd5 37. Nd4 b6 38. cxb6
axb6 39. Nxc6 Rd2 40. a3 c2 41. Nd4 Rxd4 42. exd4 Nc3 43. Kf1 Na2 44. Ke2
c1=Q 45. Rxc1 Nxc1+ 46. Kd2 Nb3+ 47. Kc3 Nc1 48. g3 Kf7 49. a4 Ke7 50. Kc4
Kd7 51. a5 Ne2 52. a6 Kc7 53. b5 Ng1 54. d5 Nf3 55. d6+ Kb8 56. Kd5 Ng5 57.
d7 Nf7 58. Ke6 Nd8+ 59. Ke7 h5 60. Kxd8 h4 61. a7+ Kb7 62. a8=Q+ Kxa8 63.
Kc7 Ka7 64. d8=Q hxg3 65. Qb8# {Black checkmated} 1-0

[Event "ICC tourney 3119 (40 10)"]
[Site "Internet Chess Club"]
[Date "2023.02.04"]
[Round "1"]
[White "Ganguly, Maitreya:mganguly"]
[Black "KISHORE, KAVISH:K03-16800564"]
[Result "1-0"]
[ICCResult "Black forfeits on time"]
[WhiteElo "975"]
[BlackElo "1316"]
[Opening "Sicilian: Najdorf, Byrne (English) attack"]
[ECO "B90"]
[NIC "SI.14"]
[Time "11:00:51"]
[PlyCount "47"]
[TimeControl "2400+10"]

1. e4 c5 2. Nf3 d6 3. d4 cxd4 4. Nxd4 Nf6 5. Nc3 a6 6. Be3 e6 7. g4 Be7 8.
g5 Nfd7 9. Qd2 Nc6 10. h4 Nde5 11. Be2 Qc7 12. O-O-O b5 13. f4 Nd7 14. h5 b4
15. Na4 Rb8 16. g6 Nxd4 17. Bxd4 e5 18. fxe5 dxe5 19. Be3 Nf6 20. Bf3 Be6
21. Kb1 O-O 22. gxh7+ Kh8 23. Rdg1 Kxh7 24. Rxg7+ {Black forfeits on time}
1-0

[Event "ICC tourney 3119 (40 10)"]
[Site "Internet Chess Club"]
[Date "2023.02.04"]
[Round "1"]
[White "Cao, Frank Zhongtian:FrankCao"]
[Black "GAW, CHRISTIAN:cman-g"]
[Result "1-0"]
[ICCResult "Black checkmated"]
[WhiteElo "1320"]
[BlackElo "976"]
[Opening "Ruy Lopez: Caro variation"]
[ECO "C70"]
[NIC "RL.09"]
[Time "11:00:49"]
[PlyCount "143"]
[TimeControl "2400+10"]

1. e4 e5 2. Nf3 Nc6 3. Bb5 a6 4. Ba4 b5 5. Bb3 Nf6 6. O-O Bc5 7. d3 h6 8. c3
O-O 9. d4 exd4 10. cxd4 Bb6 11. e5 Nh7 12. Nc3 d6 13. Bd5 Bd7 14. exd6 cxd6
15. Ne4 Qc7 16. Bf4 Qc8 17. Bxd6 Re8 18. Bg3 Bc7 19. Bxc7 Qxc7 20. Nc5 Bg4
21. Bxc6 Qxc6 22. Rc1 Bxf3 23. Qxf3 Qxf3 24. gxf3 Ng5 25. Kg2 Ne6 26. Nxe6
fxe6 27. Rfe1 Kf7 28. Rc7+ Re7 29. Rxe7+ Kxe7 30. d5 Rd8 31. Rxe6+ Kf7 32.
Rxa6 Rxd5 33. a4 bxa4 34. Rxa4 Rb5 35. Ra2 Kf6 36. Kf1 Ke5 37. Ke2 g5 38.
Kd2 Kf4 39. Kc3 Kxf3 40. b4 Kg2 41. f4+ Kh3 42. fxg5 hxg5 43. Kc4 Rf5 44. b5
Rf8 45. b6 g4 46. Kc5 Rf5+ 47. Kc6 Rf6+ 48. Kb7 Rf7+ 49. Ka6 Rf6 50. Ka7
Rf7+ 51. b7 g3 52. hxg3 Kxg3 53. Ka8 Rf8+ 54. b8=Q+ Rxb8+ 55. Kxb8 Kf4 56.
Re2 Kf3 57. Re8 Kf4 58. Kc7 Kf5 59. Kd6 Kf4 60. Kd5 Kf3 61. Kd4 Kf4 62. Rf8+
Kg5 63. Ke5 Kg6 64. Rf1 Kg7 65. Ke6 Kg6 66. Rg1+ Kh5 67. Kf5 Kh4 68. Rg8 Kh3
69. Kf4 Kh2 70. Kf3 Kh1 71. Kf2 Kh2 72. Rh8# {Black checkmated} 1-0

[Event "ICC tourney 3119 (40 10)"]
[Site "Internet Chess Club"]
[Date "2023.02.04"]
[Round "2"]
[White "STINSON, RUSSELL:rcstinson"]
[Black "Ganguly, Maitreya:mganguly"]
[Result "1-0"]
[ICCResult "Black resigns"]
[WhiteElo "1383"]
[BlackElo "975"]
[Opening "Nimzovich-Larsen attack: classical variation"]
[ECO "A01"]
[NIC "VO.08"]
[Time "13:16:06"]
[PlyCount "25"]
[TimeControl "2400+10"]

1. b3 d5 2. Bb2 Nc6 3. e3 e5 4. Bb5 Bd6 5. f4 Qe7 6. Nf3 f6 7. O-O Bd7 8.
Bxc6 Bxc6 9. fxe5 fxe5 10. Nxe5 Bxe5 11. Qh5+ g6 12. Qxe5 Qxe5 13. Bxe5
{Black resigns}
1-0

[Event "ICC tourney 3119 (40 10)"]
[Site "Internet Chess Club"]
[Date "2023.02.04"]
[Round "2"]
[White "LIN, CARL:K01-17110834"]
[Black "GUAN, MARIE:marieplaychess"]
[Result "0-1"]
[ICCResult "White checkmated"]
[WhiteElo "1246"]
[BlackElo "949"]
[Opening "French: exchange variation"]
[ECO "C01"]
[NIC "FR.01"]
[Time "13:15:48"]
[PlyCount "92"]
[TimeControl "2400+10"]

1. e4 e6 2. d4 d5 3. exd5 exd5 4. Bd3 Bd6 5. Nc3 Ne7 6. Nf3 Bg4 7. h3 Bh5 8.
Bg5 f6 9. Be3 a6 10. O-O Nbc6 11. a3 Qd7 12. Be2 O-O-O 13. b4 g5 14. b5 axb5
15. Bxb5 g4 16. Bxc6 Nxc6 17. hxg4 Bxg4 18. Nxd5 Bh2+ 19. Nxh2 Bxd1 20. Nxf6
Qg7 21. Raxd1 Qxf6 22. d5 Ne5 23. f4 Nc4 24. Bd4 Qg6 25. Bxh8 Ne3 26. Rd2
Nxf1 27. Nxf1 Rxh8 28. g3 Rf8 29. Rf2 h5 30. Kh2 h4 31. gxh4 Qg4 32. Ng3
Qxh4+ 33. Kg2 Rxf4 34. Rxf4 Qxf4 35. c4 Qxc4 36. d6 cxd6 37. a4 Qxa4 38. Ne2
d5 39. Nc3 Qc2+ 40. Kf3 Qxc3+ 41. Kf4 d4 42. Ke4 d3 43. Kf5 d2 44. Kg6 d1=Q
45. Kf5 Qdf3+ 46. Ke6 Qcf6# {White checkmated} 0-1

[Event "ICC tourney 3119 (40 10)"]
[Site "Internet Chess Club"]
[Date "2023.02.04"]
[Round "2"]
[White "SANGAL LOPEZ, DEV:devsl"]
[Black "WESLEY, GEORGE:Maglars"]
[Result "1-0"]
[ICCResult "Black checkmated"]
[WhiteElo "1154"]
[BlackElo "954"]
[Opening "Scandinavian (center counter) defense"]
[ECO "B01"]
[NIC "SD.01"]
[Time "13:15:47"]
[PlyCount "53"]
[TimeControl "2400+10"]

1. e4 d5 2. exd5 Qxd5 3. Nc3 Qa5 4. Nf3 Nf6 5. Bc4 Bf5 6. O-O c6 7. d4 Nbd7
8. Bf4 e6 9. Re1 Bb4 10. Bd2 O-O 11. Nh4 Rad8 12. Nxf5 exf5 13. a3 Bd6 14.
Nd5 Qxd2 15. Nxf6+ Nxf6 16. Qxd2 c5 17. g3 cxd4 18. Qxd4 b6 19. Rad1 Bc7 20.
Qc3 Rb8 21. Re7 Rb7 22. Qb3 Kh8 23. Rxf7 Re8 24. Bd5 Nxd5 25. Qxd5 Reb8 26.
Qxb7 Rxb7 27. Rf8# {Black checkmated} 1-0

[Event "ICC tourney 3119 (40 10)"]
[Site "Internet Chess Club"]
[Date "2023.02.04"]
[Round "2"]
[White "ANGELCHIK, JACOB:t105mm"]
[Black "Ledas, Armandas:ArmandasLedas"]
[Result "0-1"]
[ICCResult "White checkmated"]
[WhiteElo "1232"]
[BlackElo "1397"]
[Opening "Queen's pawn game"]
[ECO "D02"]
[NIC "QP.08"]
[Time "13:16:43"]
[PlyCount "64"]
[TimeControl "2400+10"]

1. d4 d5 2. Nf3 Bf5 3. Bf4 Nf6 4. e3 e6 5. c4 Bd6 6. Bxd6 Qxd6 7. Qb3 Nc6 8.
Qxb7 Rb8 9. c5 Qd7 10. Qa6 O-O 11. Bb5 Nb4 12. Bxd7 Nxa6 13. Ba4 Rxb2 14.
O-O Rfb8 15. Nc3 Nb4 16. Nd1 Rxa2 17. Rxa2 Nxa2 18. Ne5 Rb4 19. Bc6 Bc2 20.
f4 Ne4 21. Nf2 Nac3 22. Rc1 Ne2+ 23. Kf1 Nxc1 24. Nxe4 Bxe4 25. g3 a5 26.
Ke1 a4 27. Kd2 a3 28. Kxc1 a2 29. Nd3 a1=Q+ 30. Kd2 Qa2+ 31. Ke1 Rb1+ 32.
Nc1 Rxc1# {White checkmated} 0-1

[Event "ICC tourney 3119 (40 10)"]
[Site "Internet Chess Club"]
[Date "2023.02.04"]
[Round "2"]
[White "COHEN, THEODORE:tcohen"]
[Black "Coffey, Damon L:clammer"]
[Result "1-0"]
[ICCResult "Black resigns"]
[WhiteElo "1075"]
[BlackElo "947"]
[Opening "Queen's pawn, Mason variation"]
[ECO "D00"]
[NIC "QP.08"]
[Time "13:15:59"]
[PlyCount "57"]
[TimeControl "2400+10"]

1. d4 d5 2. Bf4 c6 3. e3 Nf6 4. Nf3 Nh5 5. Bg3 Nxg3 6. hxg3 Bg4 7. c4 Qa5+
8. Nc3 e6 9. Qb3 Bb4 10. a3 Bxc3+ 11. bxc3 Qb6 12. Qxb6 axb6 13. Ne5 Bf5 14.
g4 Bc2 15. cxd5 exd5 16. c4 f6 17. Nf3 Bb3 18. cxd5 Bxd5 19. Bd3 Bxf3 20.
gxf3 Nd7 21. Rxh7 Rxh7 22. Bxh7 b5 23. Bc2 Ke7 24. a4 bxa4 25. Rxa4 Rxa4 26.
Bxa4 Nb6 27. Bb3 Nd5 28. Bxd5 cxd5 29. Kd2 {Black resigns} 1-0

[Event "ICC tourney 3119 (40 10)"]
[Site "Internet Chess Club"]
[Date "2023.02.04"]
[Round "2"]
[White "Bolme, Thomas Bradley:ThomasBradley75"]
[Black "Dillibabu, Jaithra:JaithraDilli"]
[Result "0-1"]
[ICCResult "White checkmated"]
[WhiteElo "632"]
[BlackElo "1283"]
[Opening "Dutch"]
[ECO "A80"]
[NIC "HD.12"]
[Time "13:25:34"]
[PlyCount "98"]
[TimeControl "2400+10"]

1. d4 f5 2. Bf4 Nf6 3. e3 e6 4. Nd2 g6 5. Bc4 d5 6. Bb3 Bg7 7. c3 O-O 8.
Ngf3 Nc6 9. O-O h6 10. Ne5 Nxe5 11. Bxe5 Bd7 12. Nf3 Ne4 13. Bxg7 Kxg7 14.
g3 Bb5 15. Re1 h5 16. a4 Bc6 17. Bc2 Ng5 18. Nh4 Ne4 19. f3 Nd6 20. Rf1 Qg5
21. f4 Qe7 22. Qd2 Nc4 23. Qc1 g5 24. Nf3 gxf4 25. exf4 Rg8 26. Re1 Qf6 27.
b3 Nd6 28. Ne5 h4 29. Re3 Ne4 30. Bxe4 dxe4 31. Nxc6 bxc6 32. Qf1 hxg3 33.
Qg2 Kf7 34. Rxg3 Rxg3 35. Qxg3 Rg8 36. Ra2 Rxg3+ 37. hxg3 Qg7 38. Rg2 e3 39.
b4 Qg4 40. c4 Qd1+ 41. Kh2 e2 42. Rg1 Qxg1+ 43. Kxg1 e1=Q+ 44. Kh2 Qxb4 45.
d5 exd5 46. cxd5 cxd5 47. Kh3 Kf6 48. Kh4 Qe1 49. a5 Qh1# {White checkmated}
0-1

[Event "ICC tourney 3119 (40 10)"]
[Site "Internet Chess Club"]
[Date "2023.02.04"]
[Round "2"]
[White "KISHORE, KAVISH:K03-16800564"]
[Black "GAW, ZACHARY:zman-g"]
[Result "0-1"]
[ICCResult "White forfeits on time"]
[WhiteElo "1316"]
[BlackElo "859"]
[Opening "QGD Slav defense"]
[ECO "D10"]
[NIC "SL.01"]
[Time "13:15:53"]
[PlyCount "68"]
[TimeControl "2400+10"]

1. d4 d5 2. c4 c6 3. Nc3 Nf6 4. cxd5 Nxd5 5. e4 Nxc3 6. bxc3 e6 7. Nf3 c5 8.
Be2 cxd4 9. cxd4 Bb4+ 10. Bd2 Bxd2+ 11. Qxd2 Nc6 12. O-O O-O 13. Rfd1 h6 14.
h3 Re8 15. Rac1 Bd7 16. Qb2 b6 17. Bb5 Nb8 18. Bxd7 Nxd7 19. Qe2 Rc8 20. Qa6
Rc7 21. Qb5 Qc8 22. Rxc7 Qxc7 23. Ne5 Rd8 24. Nc6 Re8 25. Rc1 Qb7 26. Qb2 a6
27. d5 exd5 28. exd5 Nf6 29. Qd4 Re4 30. Qd3 Re8 31. d6 Qd7 32. Qxa6 Qxd6
33. Qxb6 Nd5 34. Qc5 Qe6 {White forfeits on time} 0-1

[Event "ICC tourney 3119 (40 10)"]
[Site "Internet Chess Club"]
[Date "2023.02.04"]
[Round "2"]
[White "STONE, GILBERT L:tightfist"]
[Black "Cao, Frank Zhongtian:FrankCao"]
[Result "1/2-1/2"]
[ICCResult "Game drawn by mutual agreement"]
[WhiteElo "1200"]
[BlackElo "1320"]
[Opening "Queen's pawn game, Darooha variation "]
[ECO "D02"]
[NIC "QP.09"]
[Time "13:17:20"]
[PlyCount "103"]
[TimeControl "2400+10"]

1. Nf3 d5 2. d4 Nf6 3. g3 g6 4. Bg2 Bg7 5. O-O O-O 6. Nbd2 Nbd7 7. c4 c6 8.
Re1 Re8 9. b3 e5 10. dxe5 Nxe5 11. Nxe5 Rxe5 12. Bb2 Re8 13. e3 Bf5 14. c5
Ne4 15. Bxg7 Kxg7 16. Nxe4 Bxe4 17. Qd4+ Qf6 18. Rad1 Bxg2 19. Kxg2 Re4 20.
Qxf6+ Kxf6 21. Rd4 Rae8 22. Rxe4 Rxe4 23. f3 Re7 24. Kf2 Ke5 25. f4+ Kf6 26.
Rd1 Re4 27. Rd4 Ke6 28. Kf3 f5 29. b4 Rxd4 30. exd4 Kf6 31. h4 h5 32. Ke3
Ke6 33. Kd3 Kd7 34. Kc3 Kc7 35. Kb3 Kb8 36. Ka4 Kc7 37. Ka5 Kb8 38. b5 Kc8
39. bxc6 bxc6 40. Ka6 Kb8 41. a3 Ka8 42. a4 Kb8 43. Ka5 Kb7 44. Kb4 Ka6 45.
a5 Kb7 46. Ka3 a6 47. Kb3 Kc7 48. Kc3 Kd7 49. Kd3 Ke7 50. Ke3 Ke6 51. Kf3
Kf6 52. Ke3 {Game drawn by mutual agreement} 1/2-1/2

[Event "ICC tourney 3119 (40 10)"]
[Site "Internet Chess Club"]
[Date "2023.02.04"]
[Round "3"]
[White "Yan, Rayna:K01-30157975"]
[Black "Bolme, Thomas Bradley:ThomasBradley75"]
[Result "1-0"]
[ICCResult "Black checkmated"]
[WhiteElo "1034"]
[BlackElo "632"]
[Opening "Caro-Kann: advance variation"]
[ECO "B12"]
[NIC "CK.04"]
[Time "15:31:13"]
[PlyCount "45"]
[TimeControl "2400+10"]

1. e4 c6 2. d4 d5 3. e5 Bf5 4. h4 e6 5. g4 Be4 6. f3 Bg6 7. h5 Bxc2 8. Qxc2
h6 9. Nc3 Bb4 10. a3 Ba5 11. Bd2 Ne7 12. O-O-O Nd7 13. Kb1 Nc8 14. f4 Ncb6
15. f5 Nc4 16. Bxc4 dxc4 17. fxe6 fxe6 18. Qg6+ Kf8 19. Qxe6 Qb6 20. Rf1+
Nf6 21. exf6 Re8 22. fxg7+ Kxg7 23. Qg6# {Black checkmated} 1-0

[Event "ICC tourney 3119 (40 10)"]
[Site "Internet Chess Club"]
[Date "2023.02.04"]
[Round "3"]
[White "GAW, CHRISTIAN:cman-g"]
[Black "ANGELCHIK, JACOB:t105mm"]
[Result "1-0"]
[ICCResult "Black resigns"]
[WhiteElo "976"]
[BlackElo "1232"]
[Opening "Sicilian"]
[ECO "B56"]
[NIC "SI.01"]
[Time "15:31:05"]
[PlyCount "59"]
[TimeControl "2400+10"]

1. e4 c5 2. Nf3 d6 3. d4 cxd4 4. Nxd4 Nf6 5. Nc3 Bd7 6. Bb5 Qa5 7. Bxd7+
Nbxd7 8. O-O g6 9. Nf3 Bg7 10. Bd2 Qh5 11. Nd4 Qxd1 12. Raxd1 Nxe4 13. Nxe4
Bxd4 14. Bc3 Bxc3 15. Nxc3 O-O 16. Rfe1 Rfe8 17. Nd5 Rac8 18. Nxe7+ Kg7 19.
Nxc8 Rxc8 20. Rxd6 Nb6 21. c3 Rc7 22. Rd2 Nc4 23. Rc2 Rd7 24. f3 g5 25. Kf2
f6 26. Rce2 Ne5 27. Kg3 h5 28. h4 Kh6 29. hxg5+ Kxg5 30. f4+ {Black resigns}
1-0

[Event "ICC tourney 3119 (40 10)"]
[Site "Internet Chess Club"]
[Date "2023.02.04"]
[Round "3"]
[White "Ledas, Armandas:ArmandasLedas"]
[Black "STINSON, RUSSELL:rcstinson"]
[Result "1-0"]
[ICCResult "Black resigns"]
[WhiteElo "1397"]
[BlackElo "1383"]
[Opening "Queen's pawn: London system"]
[ECO "A45"]
[NIC "QP.05"]
[Time "15:30:40"]
[PlyCount "53"]
[TimeControl "2400+10"]

1. d4 Nf6 2. Bf4 e6 3. Nf3 c5 4. e3 Nc6 5. c3 Be7 6. Bd3 O-O 7. h3 b6 8.
Nbd2 Bb7 9. O-O Rc8 10. Re1 d5 11. Ne5 Nxe5 12. dxe5 Ne4 13. f3 Nxd2 14.
Qxd2 d4 15. exd4 cxd4 16. c4 f6 17. exf6 Rxf6 18. Be5 Rh6 19. Bf4 Rh4 20.
Rxe6 Bb4 21. Qxb4 Rxf4 22. Rae1 Rc5 23. Re8+ Qxe8 24. Rxe8+ Kf7 25. Qe1 Be4
26. Rxe4 Rxe4 27. Qxe4 {Black resigns} 1-0

[Event "ICC tourney 3119 (40 10)"]
[Site "Internet Chess Club"]
[Date "2023.02.04"]
[Round "3"]
[White "GAW, ZACHARY:zman-g"]
[Black "COHEN, THEODORE:tcohen"]
[Result "0-1"]
[ICCResult "White checkmated"]
[WhiteElo "859"]
[BlackElo "1075"]
[Opening "Giuoco Piano"]
[ECO "C50"]
[NIC "IG.02"]
[Time "15:30:43"]
[PlyCount "154"]
[TimeControl "2400+10"]

1. e4 e5 2. Nf3 Nc6 3. Bc4 Bc5 4. O-O Nf6 5. d3 h6 6. Nc3 d6 7. h3 O-O 8.
Be3 Nd4 9. Bxd4 exd4 10. Nd5 c6 11. Nf4 Re8 12. Re1 Bb6 13. a3 c5 14. Bb5
Nd7 15. Bc4 Bc7 16. Ne2 a6 17. Qd2 Qf6 18. c3 dxc3 19. Qxc3 Qg6 20. Nf4 Qf6
21. Qxf6 Nxf6 22. Nd5 Nxd5 23. Bxd5 Ra7 24. Rac1 b5 25. b4 Bb6 26. e5 dxe5
27. bxc5 Bc7 28. d4 Rd8 29. Ba2 exd4 30. Rcd1 d3 31. Bb1 Bf5 32. Re7 Kf8 33.
Ree1 Ba5 34. Re5 Bg6 35. Nh4 Bh7 36. Re3 Rad7 37. Nf3 Kg8 38. Ne5 Rd5 39.
Nxd3 Rxc5 40. Kh2 Rcd5 41. Kg1 Bb6 42. Rg3 Bc7 43. Re3 Bf4 44. Rf3 g5 45. h4
Be4 46. Rh3 g4 47. Rh1 Bxd3 48. g3 Be5 49. f4 gxf3 50. Bxd3 Rxd3 51. Re1 Rd1
52. Kf2 Rxe1 53. Rxe1 Re8 54. Kxf3 f6 55. Rc1 Re6 56. Rc8+ Kg7 57. Kg4 h5+
58. Kxh5 Bxg3 59. Kg4 Bd6 60. Kf5 Re5+ 61. Kf4 Rc5+ 62. Ke4 Rxc8 63. Kd5
Bxa3 64. Ke6 Rh8 65. Kd5 Rxh4 66. Kc6 Re4 67. Kb6 f5 68. Kxa6 f4 69. Kxb5 f3
70. Kc6 f2 71. Kd5 Re2 72. Kd4 f1=Q 73. Kd5 Qd1+ 74. Kc4 Rc2+ 75. Kb5 Qb1+
76. Ka5 Ra2 77. Ka4 Bc5# {White checkmated} 0-1

[Event "ICC tourney 3119 (40 10)"]
[Site "Internet Chess Club"]
[Date "2023.02.04"]
[Round "3"]
[White "Ganguly, Maitreya:mganguly"]
[Black "SANGAL LOPEZ, DEV:devsl"]
[Result "1-0"]
[ICCResult "Black checkmated"]
[WhiteElo "975"]
[BlackElo "1154"]
[Opening "Neo-Grünfeld, 6.O-O c6"]
[ECO "D78"]
[NIC "GI.02"]
[Time "15:30:50"]
[PlyCount "143"]
[TimeControl "2400+10"]

1. Nf3 d5 2. g3 g6 3. Bg2 Bg7 4. O-O Nf6 5. d4 O-O 6. c4 c6 7. Qc2 Nbd7 8.
Bf4 b6 9. Nc3 Bb7 10. cxd5 cxd5 11. a4 Re8 12. e3 Nh5 13. Rad1 Nxf4 14. exf4
Rc8 15. Qd3 Nf6 16. Ne1 a6 17. Nc2 Rc7 18. Ne3 e6 19. Rc1 Qd7 20. Rc2 Rec8
21. Rfc1 Ne8 22. b3 Nd6 23. h3 b5 24. axb5 axb5 25. Ne2 Rxc2 26. Rxc2 Rxc2
27. Nxc2 Qc8 28. Qc3 Qxc3 29. Nxc3 Kf8 30. Kf1 Ke7 31. Ke2 Ba6 32. Ke3 Kd7
33. Nb4 Nf5+ 34. Kd3 Bb7 35. Nxb5 Bc6 36. Nxc6 Kxc6 37. Nc3 Nxd4 38. b4 Nb5
39. Nxb5 Kxb5 40. g4 Kxb4 41. h4 Kc5 42. Bf3 h6 43. Bd1 f6 44. Ba4 e5 45.
fxe5 fxe5 46. f3 Bf6 47. h5 gxh5 48. gxh5 Kd6 49. Bb3 Ke6 50. Ke3 Kd6 51.
Kd3 Kc5 52. Ba2 Bg5 53. Bb3 d4 54. Be6 Kd6 55. Bb3 Kc5 56. Be6 Kb4 57. Bf5
Kb3 58. Be6+ Kb2 59. Bf5 Kc1 60. Bg4 Kd1 61. f4+ Kc1 62. fxg5 e4+ 63. Kxe4
d3 64. Kxd3 Kb2 65. gxh6 Kc1 66. h7 Kb2 67. h8=Q+ Kc1 68. Qc3+ Kb1 69. Qc2+
Ka1 70. Qg2 Kb1 71. Kc3 Ka1 72. Qb2# {Black checkmated} 1-0

[Event "ICC tourney 3119 (40 10)"]
[Site "Internet Chess Club"]
[Date "2023.02.04"]
[Round "3"]
[White "KISHORE, KAVISH:K03-16800564"]
[Black "LIN, CARL:K01-17110834"]
[Result "0-1"]
[ICCResult "White forfeits on time"]
[WhiteElo "1316"]
[BlackElo "1246"]
[Opening "QGD Slav defense"]
[ECO "D10"]
[NIC "SL.01"]
[Time "15:30:49"]
[PlyCount "90"]
[TimeControl "2400+10"]

1. d4 d5 2. c4 c6 3. Nc3 Nf6 4. cxd5 cxd5 5. Bf4 e6 6. a3 Nc6 7. e3 Bd6 8.
Bxd6 Qxd6 9. Nf3 a6 10. Bd3 Bd7 11. O-O O-O 12. h3 Rfd8 13. Qe2 Qe7 14. Qc2
h6 15. Rfd1 Rac8 16. Qe2 e5 17. dxe5 Nxe5 18. Nxe5 Qxe5 19. Rac1 Bc6 20. b4
Bd7 21. Nb1 Bf5 22. Bxf5 Qxf5 23. Nd2 Qe6 24. Nb3 Rxc1 25. Rxc1 d4 26. Nc5
Qe7 27. Qd3 dxe3 28. Qxe3 Qxe3 29. fxe3 Re8 30. Kf2 Ne4+ 31. Nxe4 Rxe4 32.
Rc8+ Kh7 33. Rc7 b5 34. Rxf7 Rc4 35. Ra7 Rc6 36. Kf3 Kg6 37. g4 Kf6 38. h4
Re6 39. g5+ hxg5 40. hxg5+ Kxg5 41. Rxg7+ Kf5 42. Rc7 Ke5 43. Rc5+ Kd6 44.
e4 Rf6+ 45. Rf5 Re6 {White forfeits on time} 0-1

[Event "ICC tourney 3119 (40 10)"]
[Site "Internet Chess Club"]
[Date "2023.02.04"]
[Round "3"]
[White "Dillibabu, Jaithra:JaithraDilli"]
[Black "Cao, Frank Zhongtian:FrankCao"]
[Result "1-0"]
[ICCResult "Black resigns"]
[WhiteElo "1283"]
[BlackElo "1320"]
[Opening "Queen's bishop game"]
[ECO "D00"]
[NIC "QP.08"]
[Time "15:30:54"]
[PlyCount "107"]
[TimeControl "2400+10"]

1. d4 d5 2. Bf4 Nf6 3. Nf3 Bf5 4. e3 e6 5. Bd3 Bxd3 6. Qxd3 Bd6 7. Bg3 c6 8.
Nbd2 Bxg3 9. hxg3 Nbd7 10. c3 Qe7 11. Ne5 O-O-O 12. Nxd7 Rxd7 13. O-O-O Rdd8
14. Nf3 Ne4 15. Qe2 Kb8 16. Nd2 Nxd2 17. Rxd2 g6 18. e4 dxe4 19. Qxe4 h5 20.
g4 h4 21. f3 Ka8 22. Kb1 e5 23. Re2 g5 24. Qxe5 Qxe5 25. Rxe5 Rd5 26. Rxd5
cxd5 27. Kc2 Kb8 28. Kd3 Kc7 29. Re1 Kd6 30. Re5 f6 31. Rf5 Ke6 32. a3 b5
33. b3 Rc8 34. b4 Rg8 35. Kc2 Rh8 36. Kb3 Rb8 37. a4 a6 38. f4 Rg8 39. a5
Rg7 40. Kc2 Rg8 41. fxg5 fxg5 42. Kd3 Rg7 43. Rf8 Rg6 44. Rb8 Ke7 45. Rb7+
Kd8 46. Rf7 Ke8 47. Rf5 Kd7 48. Rxd5+ Kc6 49. Rf5 Kd6 50. Rf8 Kc7 51. Rf7+
Kc6 52. Ra7 Kd5 53. Rb7 Kc6 54. Rb6+ {Black resigns} 1-0